 Dungeon Crawl Stone Soup version 0.32-a0-705-g60f2335 (webtiles) character file.

Game seed: 13507166267395312102

339 Toastz the Vexing (level 6, -1/41 HPs)
             Began as a Vampire Enchanter on Mar 14, 2024.
             Was a Follower of Uskayaw.
             Slain by an ufetubus (3 damage)
             ... on level 4 of the Dungeon.
             The game lasted 00:08:07 (3315 turns).

Toastz the Vexing (Vampire Enchanter)               Turns: 3315, Time: 00:08:08

Health: -1/41      AC:  2    Str:  7    XL:     6   Next: 29%
Magic:  2/9        EV: 12    Int: 20    God:    Uskayaw [*.....]
Gold:   228        SH:  0    Dex: 14    Spells: 1/9 levels left

rFire   . . .        a - +2 dagger (speed)
rCold   . . .        (no shield)
rNeg    . . .        b - +0 robe
rPois   .            (no helmet)
rElec   .            (no cloak)
rCorr   .            (no gloves)
SInv    +            (no boots)
Will    .....        (no amulet)
Stlth   +++          n - ring of flight
HPRegen 0.46/turn    (no ring)
MPRegen 0.11/turn

%: no passive effects
@: brilliant, flying, healing quickly
A: alive, fangs 3, see invisible, vampiric 2
a: Exsanguinate, Renounce Religion, Stomp


You were on level 4 of the Dungeon.
You worshipped Uskayaw.
Uskayaw was noncommittal.
You visited 2 branches of the dungeon, and saw 5 of its levels.

You collected 228 gold pieces.

Inventory:

Hand Weapons
 a - a +2 dagger of speed (weapon)
Missiles
 h - 12 poisoned darts (quivered)
Armour
 b - a +0 robe (worn)
Jewellery
 n - a ring of flight (left hand)
Wands
 o - a wand of iceblast (10)
Scrolls
 d - 2 scrolls of identify {unknown}
 e - 2 scrolls of enchant weapon {unknown}
 j - 2 scrolls of enchant armour {unknown}
 k - 2 scrolls of vulnerability {unknown}
 m - a scroll of acquirement {unknown}
 p - a scroll of poison {unknown}
 r - a scroll of noise {unknown}
Potions
 c - 2 potions of invisibility
 f - a potion of mutation {unknown}
 g - 2 potions of cancellation {unknown}
 i - 2 potions of brilliance
 l - a potion of degeneration {unknown}
 q - a potion of enlightenment {unknown}


   Skills:
 + Level 2.9 Short Blades
 + Level 3.5 Dodging
 + Level 6.1 Stealth
 - Level 2.0 Spellcasting
 * Level 7.1 Hexes
 + Level 1.9 Ice Magic


You had one spell level left.
You knew the following spells:

 Your Spells              Type           Power      Damage    Failure   Level
a - Ensorcelled Hibernat  Hex/Ice        60%        N/A       3%          2
b - Confusing Touch       Hex            45%        N/A       2%          3
c - Tukima's Dance        Hex            45%        N/A       2%          3

Your spell library contained the following spells:

 Spells                   Type           Power      Damage    Failure   Level
 Dazzling Flash           Conj/Hex       48%        N/A       11%         3
 Lesser Beckoning         Tloc           6%         N/A       24%         2
 Dimensional Bullseye     Hex/Tloc       12%        N/A       36%         4
 Gell's Gravitas          Tloc           3%         N/A       43%         3
 Teleport Other           Tloc           3%         N/A       43%         3
 Iskenderun's Mystic Bla  Conj/Tloc      3%         2d3       83%         4


Dungeon Overview and Level Annotations

Branches:
Dungeon (4/15)             Temple (1/1) D:4

Altars:
Ashenzari
Cheibriados
Fedhas
Hepliaklqana
Kikubaaqudgha
Ru
Sif Muna
Uskayaw
Wu Jian
Yredelemnul


Innate Abilities, Weirdness & Mutations

Your natural rate of healing is accelerated.
You have razor-sharp teeth.
You have supernaturally acute eyesight. (SInv)
You are afflicted with vampirism and can become a bat while bloodless.


Message History

You kill the hound!
The ufetubus slips past you! The ufetubus completely misses you.
The ufetubus barely misses you. The ufetubus completely misses you.
The ufetubus hits you.
You can now pass through a line of other dancers.
You completely miss the ufetubus. The ufetubus closely misses you.
The ufetubus hits you.
You miss the ufetubus. The ufetubus hits you.
* * * LOW HITPOINT WARNING * * *
The ufetubus closely misses you.
You miss the ufetubus. The ufetubus completely misses you.
The ufetubus closely misses you. The ufetubus barely misses you. x2
The ufetubus attacks as it pursues you!
The ufetubus hits you but does no damage.
The ufetubus barely misses you. The ufetubus misses you. The ufetubus hits you.
* * * LOW HITPOINT WARNING * * *
The ufetubus hits you but does no damage.
The ufetubus closely misses you. The ufetubus misses you.
The ufetubus hits you.
* * * LOW HITPOINT WARNING * * *
You can no longer pass through a line of other dancers.
The ufetubus attacks as it pursues you! The ufetubus closely misses you.
The ufetubus misses you. The ufetubus slips past you!
The ufetubus closely misses you. x2
Your magical contamination has completely faded away.
Okay, then.
You hit the ufetubus but do no damage. The ufetubus hits you.
* * * LOW HITPOINT WARNING * * *
The ufetubus closely misses you.
You miss the ufetubus. The ufetubus hits you.
* * * LOW HITPOINT WARNING * * *
The ufetubus hits you.
* * * LOW HITPOINT WARNING * * *
Okay, then.
It was a potion of brilliance.
You feel clever all of a sudden.
The ufetubus misses you. x2; The ufetubus closely misses you.
The ufetubus hits you.
You die...
Your body falls in perfect tune with the rhythm.

####### #.....# #.....#
#.....# #.....+ ######
#.....# #..... . #.....#
#.....
....#####.....#####.....
......5@5...............
...$.....#####..........
.........# #.....#'###
.........# #.....#....
.........# #.....#....
.........# #.....#....
+###.....# #.....#####
+.....# #..........
.....# +..........


You could see 2 ufetubi.

Vanquished Creatures
  A bombardier beetle (D:3)
  A hound (D:4)
  Terence (D:2)
  Jessica (D:2)
  An iguana (D:4)
  An orc wizard (D:4)
  3 gnolls
  4 adders
  5 dart slugs
  9 orcs
  5 ball pythons
  5 bats
  5 endoplasms
  9 goblins
  6 hobgoblins
  2 quokkas
  5 frilled lizards
  5 kobolds
  5 rats
74 creatures vanquished.

Vanquished Creatures (collateral kills)
  2 gnolls (D:4)
2 creatures vanquished.

Grand Total: 76 creatures vanquished

Notes
Turn   | Place    | Note
-------+----------+-------------------------------------------
     0 | D:1      | Toastz the Vampire Enchanter began the quest for the Orb.
     0 | D:1      | Reached XP level 1. HP: 13/13 MP: 3/3
    97 | D:1      | Found a faded altar of an unknown god.
   163 | D:1      | Reached XP level 2. HP: 19/19 MP: 5/5
   182 | D:1      | Reached skill level 5 in Hexes
   233 | D:1      | Learned a level 2 spell: Ensorcelled Hibernation
   310 | D:1      | Gained mutation: You are afflicted with vampirism and can
                  | become a bat while bloodless. [Vampire growth]
   310 | D:1      | Reached XP level 3. HP: 11/24 MP: 6/6
   766 | D:2      | Noticed Jessica
   773 | D:2      | Killed Jessica
   774 | D:2      | Reached skill level 5 in Stealth
   786 | D:2      | Found a snail-covered altar of Cheibriados.
   833 | D:2      | Reached XP level 4. HP: 27/30 MP: 0/7
  1123 | D:2      | Noticed Terence
  1143 | D:2      | Killed Terence
  1144 | D:2      | Reached skill level 6 in Hexes
  1144 | D:2      | Reached skill level 1 in Ice Magic
  1152 | D:2      | Learned a level 3 spell: Confusing Touch
  1910 | D:3      | Found a shimmering blue altar of Sif Muna.
  2040 | D:3      | Reached XP level 5. HP: 14/35 MP: 5/8
  2126 | D:3      | Learned a level 3 spell: Tukima's Dance
  2337 | D:3      | Found a snail-covered altar of Cheibriados.
  2798 | D:4      | Found a staircase to the Ecumenical Temple.
  2920 | Temple   | Entered the Ecumenical Temple
  2943 | Temple   | Became a worshipper of Uskayaw the Reveller
  2990 | D:4      | Reached * piety under Uskayaw
  2993 | D:4      | Reached ** piety under Uskayaw
  3196 | D:4      | Reached XP level 6. HP: 34/41 MP: 5/9
  3283 | D:4      | Reached skill level 7 in Hexes
  3314 | D:4      | HP: 1/41 [ufetubus (3)]
  3315 | D:4      | Slain by an ufetubus

Illustrated notes

Levels and vault maps discovered:
D:1:      nicolae_arrival_washed_ashore, layout_rooms,
          chequers_ecumenical_altar_twisty
D:2:      layout_loops_corners, basic_altar, minmay_pentomino_t4, uniq_jessica,
          uniq_terence
D:3:      layout_loops_corners, nicolae_sif_muna_condensation,
          chei_slow_surprise
D:4:      layout_gridville, good_gods_mini_temple,
          minmay_temple_entry_sparse_star
Temple:   nicolae_temple_ecumenical_triangle

Skill      XL: |  1  2  3  4  5  6 |
---------------+-------------------+-----
Hexes          | 5 6 7 |  7.1
Short Blades   | 2 |  2.9
Stealth        | 5 6 |  6.1
Dodging        | 3 |  3.5
Ice Magic      | 1 |  1.9
Spellcasting   | |  2.0

Action                     |  1- 3 |  4- 6 || total
---------------------------+-------+-------++-------
  Melee: Dagger            |    74 |   105 ||   179
         Bite              |     8 |     7 ||    15
   Cast: Ensorcelled Hiber |     3 |    26 ||    29
         Tukima's Dance    |       |     2 ||     2
    Use: Potion            |       |     1 ||     1
   Stab: Sleeping          |     5 |    26 ||    31
 Armour: Robe              |    47 |    71 ||   118
  Dodge: Dodged            |    35 |    79 ||   114

Table legend: (Time is in decaauts)
 A = Elapsed time spent in this place.
 B = Non-inter-level travel time spent in this place.
 C = Inter-level travel time spent in this place.
 D = Time resting spent in this place.
 E = Time spent auto-exploring this place.
 F = Levels seen in this place.
 G = Mean time per level.
                   A        B        C        D        E       F      G
               +--------+--------+--------+--------+--------+-----+--------+
         Total |   3274 |   3150 |    124 |    242 |   2293 |   5 |  654.8 |
       Dungeon |   3238 |   3130 |    108 |    242 |   2293 |   4 |  809.5 |
        Temple |     36 |     20 |     16 |      0 |      0 |   1 |   36.0 |
               +--------+--------+--------+--------+--------+-----+--------+

Top non-repeatable levels by time:
     D:2: 1135 daAuts
     D:3: 938 daAuts
     D:1: 691 daAuts
     D:4: 472 daAuts
  Temple: 36 daAuts
